 Dungeon Crawl Stone Soup version 0.27-a0-1071-ga85bd9520d (webtiles) character file.

Game seed: 18011135478309993469

193875 gimp the Tortoise (level 18, -9/128 HPs)
             Began as a Djinni Fighter on Apr 25, 2021.
             Was a High Priest of Okawaru.
             Mangled by a salamander
             ... wielding a +0 trident
              (16 damage)
             ... on level 4 of the Snake Pit.
             The game lasted 01:30:06 (41156 turns).

gimp the Tortoise (Djinni Fighter)                 Turns: 41156, Time: 01:30:06

Health: -9/128     AC: 35    Str: 26    XL:     18   Next: 73%
Gold:   1654       EV: 10    Int: 10    God:    Okawaru [*****.] SH: 24 Dex: 22

rFire    + + .     SeeInvis +   b - +4 long sword (freeze)
rCold    + . .     Faith    .   y - +0 tower shield {reflect}
rNeg     . . .     Spirit   .   z - +2 crystal plate armour
rPois    ∞         Reflect  +   M - +0 hat "Zoaduob" {rC+ rCorr Dex+3 SInv}
rElec    +         Harm     .   x - +2 cloak {Will+}
rCorr    +         Rampage  .   Q - +0 pair of gloves "Ubloxynn" {rElec Regen+ Str+3}
Will     ++...     Rnd*Rage +   (boots unavailable)
Stlth    ..........             m - amulet of regeneration
HPRegen  2.31/turn              v - ring of Generosity {rC+ SInv}
MPRegen  0.00/turn              N - +6 ring of strength

@: heroic, finesse-ful, weakened, unable to read, flying, hasted, constricted,
very quick
A: fire resistance 2, cold vulnerability 1, float, innate caster, hp casting,
extra vitality 1, berserk 1, inability to read while threatened
a: Renounce Religion, Heroism, Finesse


You were on level 4 of the Snake Pit.
You worshipped Okawaru.
Okawaru was extremely pleased with you.
You visited 5 branches of the dungeon, and saw 28 of its levels.
You also visited: Ossuary, Bailey and Gauntlet.

You collected 2405 gold pieces.
You spent 751 gold pieces at shops.

Inventory:

Hand Weapons
 a - a +2 long sword of electrocution
 b - a +4 long sword of freezing (weapon)
 q - a +2 dagger of venom
 H - a +1 hand axe of flaming
Missiles
 e - 83 poisoned darts (quivered)
 B - 27 silver javelins
 K - 5 boomerangs of dispersal
 O - 20 javelins
Armour
 k - +0 ice dragon scales
 x - a +2 cloak of willpower (worn)
 y - a +0 tower shield of reflection (worn)
 z - a +2 crystal plate armour (worn)
 E - a scarf of resistance
 M - the +0 hat "Zoaduob" (worn) {rC+ rCorr Dex+3 SInv}
   (Okawaru gifted it to you on level 6 of the Lair of Beasts)

   It affects your dexterity (+3).
   It protects you from cold.
   It lets you see invisible.
   It protects you from acid and corrosion.
 Q - the +0 pair of gloves "Ubloxynn" (worn) {rElec Regen+ Str+3}
   (Okawaru gifted it to you on level 3 of the Snake Pit)

   It affects your strength (+3).
   It insulates you from electricity.
   It increases your rate of health regeneration.
Jewellery
 c - an amulet of faith
 m - an amulet of regeneration (around neck)
 v - the ring of Generosity (left hand) {rC+ SInv}
   (You found it on level 8 of the Dungeon)

   [ring of see invisible]

   It protects you from cold.
   It lets you see invisible.
 L - a ring of protection from cold
 N - a +6 ring of strength (right hand)
 T - a ring of willpower
Wands
 g - a wand of flame (44)
 s - a wand of iceblast (31)
 A - a wand of paralysis (17)
 F - a wand of charming (12)
 R - a wand of acid (8)
 S - a wand of polymorph (9)
Scrolls
 h - 7 scrolls of enchant weapon
 i - 7 scrolls of enchant armour
 l - 4 scrolls of fear
 n - 14 scrolls of teleportation
 r - 3 scrolls of blinking
 u - 9 scrolls of identify
 I - a scroll of silence
 J - a scroll of brand weapon
 P - a scroll of magic mapping
Potions
 d - 2 potions of might
 f - a potion of curing
 j - 3 potions of resistance
 p - 3 potions of lignification
 t - 2 potions of haste
 w - a potion of ambrosia
 D - 2 potions of cancellation
 G - a potion of invisibility
Miscellaneous
 o - a phial of floods


   Skills:
 - Level 11.0(16.0) Fighting
 - Level 14.0(19.0) Long Blades
 + Level 7.1(12.1) Throwing
 + Level 15.9(20.9) Armour
 - Level 9.0(14.0) Dodging
 - Level 15.0(20.0) Shields
 - Level 8.0 Invocations
 + Level 10.9 Evocations


You couldn't memorise any spells.
You knew the following spells:

 Your Spells              Type           Power      Damage    Failure   Level
a - Shock                 Conj/Air       0%         1d3       100%        1
b - Poisonous Vapours     Pois/Air       0%         N/A       100%        2
c - Dazzling Flash        Conj/Hex       0%         N/A       100%        3
d - Dispel Undead         Necr           0%         3d6       100%        4
e - Bolt of Magma         Conj/Fire/Erth 0%         4d4       100%        5
f - Lee's Rapid Deconstr  Erth           0%         3d5*      100%        5
g - Shadow Creatures      Summ           N/A        N/A       100%        6
h - Malign Gateway        Summ/Tloc      0%         N/A       100%        7
Your spell library was empty.


Dungeon Overview and Level Annotations

Branches:
Dungeon (15/15)            Temple (1/1) D:6            Lair (6/6) D:11
 Shoals (0/4) Lair:4        Snake (4/4) Lair:2        Slime (0/5) Lair:6
    Orc (2/2) D:9             Elf (0/3) Orc:2        Vaults (0/5) D:14
 Depths (0/5) D:15        Ossuary (visited)          Bailey (visited)
Gauntlet (visited)

Altars:
Ashenzari
Cheibriados
Dithmenos
Elyvilon
Fedhas
Gozag
Hepliaklqana
Kikubaaqudgha
Makhleb
Nemelex Xobeh
Okawaru
Qazlal
Ru
Sif Muna
Trog
Uskayaw
Vehumet
Wu Jian
Xom
Yredelemnul
Zin
The Shining One
Beogh
Jiyva

Shops:
D:7 ?   D:8 *   D:11 *   Orc:1 [[*   Orc:2 (*=[   Snake:1 ==:   Snake:3 [?

Annotations:
D:6 4 exclusions
D:7 exclusion: obsidian statue
D:9 2 transporters


Innate Abilities, Weirdness & Mutations

You are immune to poison.
Your flesh is very heat resistant. (rF++)
You are vulnerable to cold. (rC-)
You float through the air rather than walking.
You learn spells naturally, not from books.
Your magical power is your life essence.
You have superior vitality. (+4 HP)
You tend to lose your temper in combat.
You sometimes lose the ability to read scrolls when taking damage.


Message History

The salamander mystic points at the salamander and mumbles some strange words.
The salamander seems to speed up.
The nagaraja hits you from afar with a +0 spear.
* * * LOW HITPOINT WARNING * * *
You take 6 damage, and have 13/128 hp.
You slash the guardian serpent! You freeze the guardian serpent.
The guardian serpent is severely wounded.
You block the naga warrior's attack.
You closely miss the guardian serpent.
The guardian serpent is severely wounded.
You block the nagaraja's attack. The nagaraja constricts you.
The salamander hits you but does no damage.
You block the guardian serpent's attack.
You block the nagaraja's attack.
You hit the guardian serpent. You freeze the guardian serpent.
The guardian serpent is almost dead.
You block the salamander mystic's attack.
You block the naga warrior's attack. The nagaraja misses you.
The nagaraja constricts you.
You closely miss the guardian serpent.
The guardian serpent is almost dead.
The salamander hits you with a +0 trident!
* * * LOW HITPOINT WARNING * * *
You are engulfed in flames.
You resist.
* * * LOW HITPOINT WARNING * * *
You block the nagaraja's attack.
The naga sharpshooter casts a spell.
The guardian serpent coils itself and waves its upper body at you.
You take 10 damage, and have 6/128 hp.
You barely miss the guardian serpent.
The guardian serpent is almost dead.
The salamander mystic no longer looks unusually strong.
The nagaraja no longer looks unusually strong.
The naga warrior hits you but does no damage.
The nagaraja points at you and mumbles some strange words.
Your +0 tower shield of reflection reflects the poison arrow!
The poison arrow hits the nagaraja!!
The nagaraja partially resists.
The nagaraja is poisoned.
The nagaraja constricts you.
The salamander hits you with a +0 trident!
You die...

.. . .. ##### .. .# ####)..# ..#'
##### ..##.#'#####'.. #...'
.....#..§≈≈#..N# ##...#
.....#..≈≈≈##..S## ##...##
.....##..§≈≈##NN@### ###...##≈
......##..§.≈##NNN.######....##≈.
.......##§§§≈≈##............##§§≈
........##..≈≈§##..........##≈§§.
.........##..§§≈###......###§§§§.
.##''#....##§.§≈≈≈########≈§§...#
##...'.....##...≈≈≈§§§≈≈≈§§≈...##
.....#......##.)≈≈≈≈≈≈§§≈≈≈≈..##N
.#..##.......#§...≈≈≈§§≈≈≈....#..


You could see a naga warrior (fast), 2 nagarajas, a naga sharpshooter (fast,
strong), a salamander mystic, a salamander (fast, strong) and a guardian
serpent.

Vanquished Creatures
  Bai Suzhen (Snake:4)
  Vashnia (Snake:2)
  Kirke (Lair:4)
  Agnes (Snake:4)
  A nagaraja (Snake:4)
  A fire giant (D:15)
  The ghost of robertstho the Fighter, a journeyman HOFi of Beogh (Orc:2)
  Aizul (Snake:4)
  2 orc warlords
  Snorg (D:13)
  2 minotaurs
  A fire dragon (D:14)
  Josephine (Lair:4)
  4 salamander tyrants (Snake:4)
  A green death (Gauntlet)
  Fannar (D:11)
  2 vault guards (D:14)
  2 ice dragons
  16 naga warriors
  6 boulder beetles
  9 hydras
  A catoblepas (D:13)
  17 anacondas
  A death knight (D:12)
  5 centaur warriors
  A death yak (Lair:3)
  2 two-headed ogres
  5 orc high priests
  16 naga sharpshooters
  9 shock serpents
  2 iron trolls
  A skeletal warrior (D:12)
  6 salamander mystics (Snake:4)
  5 sea snakes
  3 deep trolls (D:13)
  3 lindwurms (Snake:4)
  10 naga ritualists
  Pikel (D:5)
  A lindwurm (shapeshifter) (Gauntlet)
  11 mana vipers
  7 orc knights
  2 manticores
  2 ugly things
  12 cyclopes
  2 orc sorcerers
  3 oklob plants
  5 elephants (Lair:4)
  53 black mambas
  2 torpor snails
  6 guardian serpents
  An orange demon (Gauntlet)
  4 molten gargoyles (D:12)
  Joseph (D:8)
  17 salamanders
  A gargoyle (D:12)
  Maggie (Lair:2)
  13 naga magi
  8 cane toads
  A kobold demonologist (D:9)
  3 rime drakes
  14 komodo dragons
  4 freezing wraiths
  2 tengu conjurers (D:15)
  15 trolls
  3 meliai (D:14)
  A wind drake (shapeshifter) (D:12)
  7 polar bears
  3 merfolk (Lair:4)
  4 hornets
  12 slime creatures
  3 dream sheep (Lair:6)
  15 blink frogs
  11 spriggans (Lair:6)
  3 wyverns
  67 yaks
  A hog (Lair:4)
  9 humans (D:14)
  A basilisk (shapeshifter) (Gauntlet)
  4 wraiths
  4 basilisks
  A steam dragon (D:7)
  7 vampire mosquitoes
  A warg (shapeshifter) (Gauntlet)
  An acid dragon (D:12)
  4 wargs
  40 nagas
  17 water moccasins
  44 orc warriors
  A sky beast (D:6)
  An ice beast (D:7)
  5 black bears
  5 boggarts (Lair:6)
  43 wolves
  6 centaurs (D:14)
  An ogre (Orc:1)
  A phantom (D:4)
  A kobold brigand (D:8)
  12 bullfrogs
  A gnoll sergeant (D:10)
  A scorpion (D:5)
  A wyvern skeleton (D:7)
  3 jellies
  14 wights
  8 killer bees (D:9)
  10 howler monkeys
  10 electric eels
  9 centaur zombies
  12 orc priests
  Crazy Yiuf (D:3)
  A bullfrog skeleton (D:6)
  2 gnoll shamans
  2 hounds
  A centaur skeleton (D:7)
  Terence (D:2)
  4 iguanas
  27 orc wizards
  3 killer bee zombies
  4 mummies (Ossuary)
  16 gnolls
  6 adders
  A white imp (D:5)
  3 ufetubi
  An adder zombie (D:5)
  A worm (D:4)
  4 dart slugs
  65 orcs
  4 endoplasms
  A giant cockroach (D:3)
  10 goblins
  6 hobgoblins
  9 jackals
  A quokka (D:4)
  8 ball pythons
  6 bats
  A frilled lizard (D:1)
  4 hobgoblin zombies (Ossuary)
  10 kobolds
  A rat (D:1)
947 creatures vanquished.

Vanquished Creatures (others)
  2 humans
  A naga (Snake:4)
  An orc wizard (D:4)
  An orc (D:8)
  A bush (D:9)
  67 fungi
  101 plants
174 creatures vanquished.

Grand Total: 1121 creatures vanquished

Notes
Turn   | Place    | Note
-------+----------+-------------------------------------------
     0 | D:1      | gimp the Djinni Fighter began the quest for the Orb.
     0 | D:1      | Reached XP level 1. HP: 20/20 MP: 0/0
   235 | D:1      | Reached XP level 2. HP: 13/25 MP: 0/0
   940 | D:1      | Reached XP level 3. HP: 24/31 MP: 0/0
   940 | D:1      | Learned a level 1 spell: Shock
  2024 | D:2      | Reached XP level 4. HP: 34/38 MP: 0/0
  2920 | D:3      | Noticed Terence
  2937 | D:2      | Killed Terence
  2938 | D:2      | Reached skill level 5 in Fighting
  2938 | D:2      | Reached XP level 5. HP: 30/43 MP: 0/0
  2938 | D:2      | Learned a level 2 spell: Poisonous Vapours
  3339 | D:3      | Found a hide-covered altar of Uskayaw.
  3735 | D:3      | Found a runed translucent door.
  3736 | D:3      | Noticed Crazy Yiuf
  3755 | D:3      | Killed Crazy Yiuf
  4266 | D:4      | Reached XP level 6. HP: 49/49 MP: 0/0
  4583 | D:4      | Found a snail-covered altar of Cheibriados.
  4890 | D:4      | Found a basalt altar of Yredelemnul.
  5144 | D:5      | Entered Level 5 of the Dungeon
  5161 | D:5      | Noticed Pikel
  5468 | D:5      | Noticed a water moccasin
  5508 | D:4      | Killed a water moccasin
  5509 | D:4      | Reached XP level 7. HP: 38/54 MP: 0/0
  5509 | D:4      | Learned a level 3 spell: Dazzling Flash
  5749 | D:4      | Reached skill level 5 in Shields
  5880 | D:5      | Reached skill level 1 in Dodging
  6230 | D:5      | Killed Pikel
  6231 | D:5      | Reached skill level 5 in Long Blades
  6231 | D:5      | Reached skill level 5 in Armour
  6231 | D:5      | Reached XP level 8. HP: 26/59 MP: 0/0
  7288 | D:6      | Found a staircase to the Ecumenical Temple.
  7316 | Temple   | Entered the Ecumenical Temple
  7371 | Temple   | Became a worshipper of Warmaster Okawaru
  7572 | D:6      | Reached XP level 9. HP: 28/65 MP: 0/0
  7572 | D:6      | Learned a level 4 spell: Dispel Undead
  9007 | D:6      | Reached skill level 1 in Invocations
  9554 | D:7      | Reached * piety under Okawaru
  9555 | D:7      | Reached skill level 5 in Dodging
  9555 | D:7      | Noticed an obsidian statue
  9556 | D:7      | Found the +7 mace of Variability {chain chaos}
  9557 | D:7      | Noticed a red devil
  9560 | D:7      | Found Hyrur's Magic Scroll Emporium.
  9567 | D:7      | Bought a scroll of teleportation for 30 gold pieces
  9567 | D:7      | Bought a scroll of identify for 20 gold pieces
  9567 | D:7      | Bought a scroll of identify for 20 gold pieces
  9567 | D:7      | Bought a scroll of identify for 20 gold pieces
  9567 | D:7      | Bought a scroll of identify for 20 gold pieces
  9567 | D:7      | Bought a scroll of identify for 20 gold pieces
  9669 | D:7      | Identified the Grimoire of Shifting Flight
  9710 | D:7      | Found a stormy altar of Qazlal.
  9952 | D:8      | Found an opulent altar of Gozag.
  9954 | D:8      | Found Gozag's Platinum Reserve.
 10479 | D:8      | Identified the ring of Generosity {rC+ SInv}
 10628 | D:8      | Found a sand-covered staircase.
 10633 | Ossuary  | Entered an ossuary
 10973 | D:8      | Reached ** piety under Okawaru
 10974 | D:8      | Reached XP level 10. HP: 54/70 MP: 0/0
 12583 | D:9      | Noticed Joseph
 12750 | D:8      | Killed Joseph
 12823 | D:9      | Found a shadowy altar of Dithmenos.
 13147 | D:9      | Found a transporter.
 13153 | D:9      | Found a burning altar of Makhleb.
 13155 | D:9      | Noticed a centaur warrior
 13155 | D:9      | Noticed a yaktaur captain
 13160 | D:9      | Found a staircase to the Orcish Mines.
 13211 | D:9      | Reached *** piety under Okawaru
 13420 | D:9      | Reached skill level 5 in Invocations
 13789 | D:9      | Reached skill level 10 in Long Blades
 13894 | D:9      | Found a transporter.
 13903 | D:9      | Noticed a kobold demonologist
 13922 | D:9      | Noticed a soul eater
 13925 | D:9      | Killed a kobold demonologist
 13925 | D:9      | Reached **** piety under Okawaru
 13926 | D:9      | Reached XP level 11. HP: 76/78 MP: 0/0
 13926 | D:9      | Learned a level 5 spell: Bolt of Magma
 14199 | D:9      | Found a white marble altar of Elyvilon.
 14700 | D:9      | Found a sacrificial altar of Ru.
 14783 | D:10     | Entered Level 10 of the Dungeon
 15480 | D:10     | Noticed a two-headed ogre
 15741 | D:10     | Killed a two-headed ogre
 15834 | D:10     | Reached ***** piety under Okawaru
 16353 | D:11     | Found Lumab's General Store.
 16445 | D:11     | Noticed a cyclops
 16459 | D:11     | Killed a cyclops
 16466 | D:11     | Noticed a cyclops
 16496 | D:11     | Killed a cyclops
 16585 | D:11     | Noticed a cyclops
 16605 | D:11     | Killed a cyclops
 17064 | D:11     | Noticed a cyclops
 17101 | D:11     | Killed a cyclops
 17101 | D:11     | Noticed a seven-headed hydra
 17102 | D:11     | Reached XP level 12. HP: 26/85 MP: 0/0
 17435 | D:11     | Noticed Fannar
 17689 | D:11     | Killed Fannar
 17967 | D:11     | Killed a one-headed hydra
 18513 | D:11     | Found a staircase to the Lair.
 18637 | D:12     | Found a flagged portal.
 18693 | Bailey   | Entered a bailey
 18866 | Bailey   | HP: 4/85 [orc knight/+0 bardiche (16)]
 19756 | D:12     | Noticed a death knight
 19778 | D:12     | Killed a death knight
 19801 | D:12     | Reached skill level 10 in Armour
 19904 | D:12     | Noticed a centaur warrior
 19914 | D:12     | Found a shimmering altar of Xom.
 19957 | D:12     | Received a gift from Okawaru
 19963 | D:12     | Killed a centaur warrior
 20068 | D:12     | Noticed a two-headed ogre
 20084 | D:12     | Killed a two-headed ogre
 20250 | D:13     | Noticed a catoblepas
 20275 | D:13     | Killed a catoblepas
 20276 | D:13     | Reached XP level 13. HP: 60/90 MP: 0/0
 20276 | D:13     | Learned a level 5 spell: Lee's Rapid Deconstruction
 20312 | D:13     | Reached skill level 10 in Shields
 20460 | D:13     | Noticed Snorg
 20487 | D:13     | Killed Snorg
 20813 | D:12     | Found an opulent altar of Gozag.
 21030 | D:12     | Noticed an ice dragon
 21122 | D:12     | Killed an ice dragon
 21122 | D:12     | Received a gift from Okawaru
 21555 | Orc:1    | Entered Level 1 of the Orcish Mines
 21555 | Orc:1    | Found Papuitze's Armour Shoppe.
 21815 | Orc:1    | Bought a +2 cloak of willpower for 279 gold pieces
 21880 | Orc:1    | Found Qaorecwa's Antique Armour Shoppe.
 21907 | Orc:1    | You are sucked into a shaft and drop 1 floor!
 21907 | Orc:2    | Entered Level 2 of the Orcish Mines
 21950 | Orc:2    | Noticed an orc warlord
 21952 | Orc:2    | Found Zozeyf's Jewellery Emporium.
 21965 | Orc:2    | Found Anuebb's General Store.
 21972 | Orc:2    | Found Igraejyhi's Antique Weapon Boutique.
 22071 | Orc:1    | Found Fifeniuw's Assorted Antiques.
 22154 | Orc:1    | Bought a scroll labelled JITTYPP ROTRI for 24 gold pieces
 22154 | Orc:1    | Bought a scroll of teleportation for 72 gold pieces
 22565 | Orc:2    | Received a gift from Okawaru
 22597 | Orc:2    | Found a runed translucent gate.
 22597 | Orc:2    | Found a runed translucent gate.
 22597 | Orc:2    | Found a runed translucent gate.
 22790 | Orc:1    | Killed an orc warlord
 22961 | Orc:1    | Gained mutation: You sometimes lose the ability to read
                  | scrolls when taking damage. [a neqoxec]
 22976 | Orc:1    | Gained mutation: You tend to lose your temper in combat. [a
                  | neqoxec]
 23064 | Orc:1    | Reached XP level 14. HP: 96/96 MP: 0/0
 23175 | Orc:2    | Found a staircase to the Elven Halls.
 23268 | Orc:2    | Noticed robertstho's ghost (journeyman HOFi)
 23380 | Orc:2    | Found Zaimis's Antique Armour Shoppe.
 23473 | Orc:2    | Noticed an orc warlord
 23568 | Orc:2    | Killed an orc warlord
 23938 | Orc:2    | Killed robertstho's ghost
 24018 | Orc:2    | HP: 6/144 [minotaur (11)]
 24019 | Orc:2    | HP: 2/144 [minotaur (5)]
 24131 | Orc:2    | Bought a runed falchion for 246 gold pieces
 24231 | Lair:1   | Entered Level 1 of the Lair of Beasts
 25492 | Lair:2   | Found a staircase to the Snake Pit.
 25667 | Lair:2   | Noticed Maggie
 25684 | Lair:2   | Killed Maggie
 26536 | Lair:3   | Received a gift from Okawaru
 26562 | Lair:3   | Identified the +0 pair of gloves of Indemnity {*Corrode
                  | rF++ Str+7}
 27759 | Lair:4   | Identified the +5 broad axe "Qipao" {vorpal, Drain +Blink
                  | Dex+5 SInv} (Okawaru gifted it to you on level 4 of the
                  | Lair of Beasts)
 27759 | Lair:4   | Received a gift from Okawaru
 27760 | Lair:4   | Reached XP level 15. HP: 84/101 MP: 0/0
 27760 | Lair:4   | Learned a level 6 spell: Shadow Creatures
 27895 | Lair:4   | Noticed Josephine
 27906 | Lair:4   | Killed Josephine
 27941 | Lair:4   | Noticed Kirke
 27958 | Lair:4   | Killed Kirke
 28155 | Lair:4   | Found a staircase to the Shoals.
 29687 | Lair:6   | Entered Level 6 of the Lair of Beasts
 29791 | Lair:6   | Reached skill level 15 in Shields
 29804 | Lair:6   | Found a viscous altar of Jiyva.
 29804 | Lair:6   | Found a staircase to the Slime Pits.
 30354 | Lair:6   | Reached ****** piety under Okawaru
 30682 | Lair:6   | Identified the +0 hat "Zoaduob" {rC+ rCorr Dex+3 SInv}
                  | (Okawaru gifted it to you on level 6 of the Lair of Beasts)
 30682 | Lair:6   | Received a gift from Okawaru
 31469 | D:13     | Identified the +0 scale mail "Lalafo" {Fly Will- Regen+}
 32072 | D:13     | Reached XP level 16. HP: 110/110 MP: 0/0
 32306 | D:14     | Found a gate leading to a gauntlet.
 32331 | Gauntlet | Entered a Gauntlet
 32331 | Gauntlet | Found a transporter.
 32331 | Gauntlet | Found a transporter.
 32331 | Gauntlet | Found a transporter.
 32335 | Gauntlet | Found a transporter.
 32335 | Gauntlet | Found a transporter.
 32353 | Gauntlet | Found a transporter.
 32355 | Gauntlet | Found a transporter.
 32366 | Gauntlet | Found a transporter.
 32459 | Gauntlet | Found a transporter.
 32471 | Gauntlet | Found a transporter.
 32473 | Gauntlet | Found a transporter.
 32483 | Gauntlet | Found a transporter.
 32568 | Gauntlet | Identified the amulet "Zoetytha" {Spirit rElec}
 32670 | Gauntlet | Identified the Handbook of the Arsonist and Air
 32671 | Gauntlet | Identified the +1 pair of boots of the King of the Hill
                  | {+Inv}
 32714 | Gauntlet | Identified the +9 trident of Cheibriados's Anger {drain,
                  | Fly rF+ Will+}
 32714 | Gauntlet | Identified the +10 hand crossbow of the Bespelling Saviour
                  | {venom, Dex+7}
 32732 | Gauntlet | Reached skill level 1 in Evocations
 32737 | Gauntlet | Identified the Incunabulum of Displacement
 32739 | Gauntlet | Identified the +6 shortbow "Jegon" {venom, Int+9}
 33506 | D:14     | Found a gate to the Vaults.
 33622 | D:15     | Entered Level 15 of the Dungeon
 33666 | D:15     | Found a staircase to the Depths.
 33864 | D:15     | Received a gift from Okawaru
 34337 | D:15     | Found a bloodstained altar of Trog.
 34775 | Snake:1  | Entered Level 1 of the Snake Pit
 34810 | Snake:1  | Reached skill level 10 in Fighting
 35209 | Snake:1  | Found Qevisyme's Jewellery Shop.
 35215 | Snake:1  | Reached skill level 5 in Evocations
 35333 | Snake:1  | Found Yqiuz's Book Emporium.
 35334 | Snake:1  | Found Fimaceok's Jewellery Shop.
 35599 | Snake:1  | Received a gift from Okawaru
 36733 | Snake:2  | Reached XP level 17. HP: 114/120 MP: 0/0
 36733 | Snake:2  | Learned a level 7 spell: Malign Gateway
 37019 | Snake:2  | Noticed Vashnia
 37698 | Snake:2  | Reached skill level 1 in Throwing
 38345 | Snake:2  | Killed Vashnia
 38570 | Snake:3  | Found Joace's Magic Scroll Shoppe.
 38575 | Snake:3  | Found Iniqemn's Antique Armour Shoppe.
 38602 | Snake:3  | Identified the +0 pair of gloves "Ubloxynn" {rElec Regen+
                  | Str+3} (Okawaru gifted it to you on level 3 of the Snake
                  | Pit)
 38602 | Snake:3  | Received a gift from Okawaru
 39586 | Snake:4  | Entered Level 4 of the Snake Pit
 39739 | Snake:4  | Reached skill level 15 in Armour
 39775 | Snake:3  | Reached skill level 5 in Throwing
 39876 | Snake:3  | Received a gift from Okawaru
 39877 | Snake:3  | Reached XP level 18. HP: 128/128 MP: 0/0
 40032 | Snake:4  | Noticed Bai Suzhen
 40052 | Snake:4  | Noticed Agnes
 40155 | Snake:4  | Killed Agnes
 40271 | Snake:4  | Killed Bai Suzhen
 40271 | Snake:4  | Identified the +5 longbow of Mastery {freeze, +Blink rElec}
                  | (Okawaru gifted it to you on level 4 of the Snake Pit)
 40271 | Snake:4  | Received a gift from Okawaru
 40372 | Snake:4  | Reached skill level 10 in Evocations
 40376 | Snake:4  | Noticed Aizul
 40409 | Snake:4  | Killed Aizul
 40680 | Snake:4  | Received a gift from Okawaru
 41155 | Snake:4  | HP: 6/128 [salamander/+0 trident (3)]
 41156 | Snake:4  | Mangled by a salamander

Illustrated notes

Levels and vault maps discovered:
D:1:      minmay_arrival_widening_spiral_wide, layout_rooms
D:2:      layout_loops_cross, serial_forest, infiniplex_forest_lined_room_2,
          infiniplex_forest_clump_C, infiniplex_forest_lined_room_2,
          infiniplex_forest_zigzag_1, infiniplex_forest_clump_diagonal,
          infiniplex_forest_lined_2, infiniplex_forest_straight_3,
          infiniplex_forest_lined_3, kennysheep_generic_room_11
D:3:      layout_rooms, nicolae_uskayaw_murder_on_the_dancefloor,
          minmay_misc_feat_more_columns, uniq_terence, uniq_crazy_yiuf_cottage
D:4:      layout_basic, nicolae_overflow_crystal_walls, kennysheep_little_box
D:5:      layout_basic, uniq_pikel
D:6:      layout_loops_ring, minmay_temple_entry_large_hall,
          grunt_ministairs_12, minivault_14
D:7:      statuecave_lemuel, layout_cave_pools, pf_just_have_faith,
          serial_shops, nicolae_shop_waterfront, minmay_tree_intersection
D:8:      layout_layer_cave, nicolae_gozag_zags_fifth_avenue,
          lightli_ossuary_entry_decrepit_ruins
D:9:      layout_basic, marbit_many_paths, grunt_dithmenos_smoke_and_mirrors,
          elyvilon_altar_1, gammafunk_temple_overflow_arena, orc_0_dummy,
          kennysheep_big_empty_room, kennysheep_generic_room_15, uniq_joseph
D:10:     layout_irregular_city, general_overflow_altar
D:11:     layout_irregular_city, david_lair_shrubbed, serial_shops,
          nicolae_shop_crystal, serial_column_ruins, column_ruins_pillar_7,
          column_ruins_pillar_6, column_ruins_pillar_3, column_ruins_pillar_1,
          column_ruins_pillar_1, column_ruins_pillar_3, column_ruins_pillar_2,
          column_ruins_pillar_2, column_ruins_pillar_5, column_ruins_pillar_3,
          column_ruins_pillar_9, column_ruins_pillar_3, column_ruins_pillar_6,
          column_ruins_pillar_6, column_ruins_pillar_10, column_ruins_pillar_11,
          column_ruins_pillar_10, column_ruins_pillar_9, column_ruins_pillar_1,
          uniq_fannar
D:12:     layout_gridville, portal_ice_cave_entry_animals_and_master,
          enter_bailey_7, drop_trap, hangedman_feature_mirror, minivault_8
D:13:     lemuel_troll_bridge, layout_loops_cross, kennysheep_generic_room_12,
          uniq_snorg
D:14:     layout_long_grid, ximxim_vaults_locker_room, gauntlet_entry_generic,
          chequers_serial_rivers_micro_a
D:15:     grunt_enter_depths_giant_problem, layout_cave_pods, bloody_trog
Temple:   pf_slimified_temple
Lair:1:   layout_cave_shapes, grunt_megastairs_1
Lair:2:   layout_regular_city, guppyfry_snake_entry_garden, minmay_holes,
          uniq_maggie
Lair:3:   layout_cave_pods, beast_lair_carwin_5, minmay_lair_oklob_chamber,
          infiniplex_staircase_pool_2, serial_bayou_shore_b, grunt_megastairs_2
Lair:4:   layout_loops_ring, elwin_shoals_entry_rooms, serial_bayou_crossing,
          grunt_megastairs_4, uniq_kirke, uniq_josephine
Lair:5:   layout_layer_cave, lemuel_fruit_fields
Lair:6:   minmay_lair_end_enchanted_forest, layout_regular_city, slime_altar_1,
          lemuel_fruit_fields
Snake:1:  layout_honeycomb, minmay_shop_grove
Snake:2:  layout_rooms, serial_bayou_shore_a, grunt_megastairs_3, uniq_vashnia
Snake:3:  layout_onion, nicolae_snake_springs, minmay_shop_star
Snake:4:  snake_pit_salamanders_mu, layout_cave_town, serial_shops, shop,
          grunt_megastairs_5, uniq_aizul, uniq_bai_suzhen, uniq_agnes
Orc:1:    layout_caves, serial_shops, nicolae_shop_crystal, shop, shop,
          basic_altar
Orc:2:    grunt_orc_gardens, layout_diamond_mine, grunt_orc_garden,
          grunt_orc_garden, grunt_orc_garden, grunt_orc_garden,
          maelrawn_ghost_gauntlet_escape

Skill      XL: |  1  2  3  4  5  6  7  8  9 10 11 12 13 14 15 16 17 18 |
---------------+-------------------------------------------------------+-----
Fighting       | 4 5 6 7 8 10 11 | 11.0
Shields        | 4 5 6 9 12 14 15 | 15.0
Long Blades    | 2 3 5 6 8 10 11 12 13 14 | 14.0
Armour         | 4 5 6 7 9 10 11 12 13 15 | 15.9
Dodging        | 3 4 6 9 |  9.0
Invocations    | 3 5 7 8 |  8.0
Evocations     | 6 9 10 | 10.9
Throwing       | 5 7 |  7.1

Action                   |  1- 3 |  4- 6 |  7- 9 | 10-12 | 13-15 | 16-18 || total
-------------------------+-------+-------+-------+-------+-------+-------++-------
Melee: Long sword        |   140 |   223 |   496 |   914 |  2470 |  1933 ||  6176
       Dagger            |       |       |    13 |       |       |     9 ||    22
       Hand axe          |       |       |       |     8 |    59 |    17 ||    84
Throw: Dart              |       |     7 |     9 |    70 |       |       ||    86
Invok: Heroism           |       |       |     5 |    26 |    39 |    30 ||   100
       Finesse           |       |       |       |     5 |     9 |    14 ||    28
Evoke: Wand              |       |       |     3 |    44 |    12 |     2 ||    61
       Phial of floods   |       |       |       |       |       |     1 ||     1
  Use: Potion            |     4 |       |     2 |     5 |     4 |     9 ||    24
       Scroll            |     1 |     4 |    11 |     6 |     8 |     6 ||    36
 Stab: Sleeping          |       |       |       |     5 |       |       ||     5
       Distracted        |       |       |       |     1 |       |       ||     1
       Paralysed         |       |       |       |       |       |     7 ||     7
Armor: Scale mail        |   109 |   120 |   223 |       |       |       ||   452
       Shadow dragon sca |       |       |    45 |   456 |    60 |       ||   561
       Ice dragon scales |       |       |       |       |   645 |   130 ||   775
       Acid dragon scale |       |       |       |       |     4 |       ||     4
       Crystal plate arm |       |       |       |       |       |   484 ||   484
Dodge: Dodged            |    66 |    70 |   237 |   299 |   787 |   555 ||  2014
Block: Kite shield       |    78 |   152 |   319 |   519 |       |       ||  1068
       Tower shield      |       |       |       |    46 |  2607 |  2264 ||  4917
       Reflection        |       |       |       |       |    43 |   214 ||   257
       Rpst.: Long sword |    18 |    24 |    61 |    81 |   168 |    93 ||   445

Table legend: (Time is in decaauts)
 A = Elapsed time spent in this place.
 B = Non-inter-level travel time spent in this place.
 C = Inter-level travel time spent in this place.
 D = Time resting spent in this place.
 E = Time spent auto-exploring this place.
 F = Levels seen in this place.
 G = Mean time per level.
                   A        B        C        D        E       F      G
               +--------+--------+--------+--------+--------+-----+--------+
         Total |  40995 |  39395 |   1600 |   3629 |  24051 |  31 | 1322.4 |
       Dungeon |  23757 |  22745 |   1012 |   2080 |  15329 |  15 | 1583.8 |
        Temple |     59 |     56 |      3 |      0 |     29 |   1 |   59.0 |
          Lair |   7072 |   6842 |    230 |     29 |   4595 |   6 | 1178.7 |
     Snake Pit |   6104 |   5815 |    289 |    824 |   2868 |   4 | 1526.0 |
  Orcish Mines |   2391 |   2327 |     64 |    154 |    951 |   2 | 1195.5 |
       Ossuary |    220 |    220 |      0 |     64 |     37 |   1 |  220.0 |
        Bailey |    948 |    948 |      0 |    418 |    238 |   1 |  948.0 |
      Gauntlet |    439 |    439 |      0 |     60 |      3 |   1 |  439.0 |
               +--------+--------+--------+--------+--------+-----+--------+

Top non-repeatable levels by time:
     D:8: 2356 daAuts
    D:11: 2288 daAuts
     D:9: 2266 daAuts
 Snake:1: 2261 daAuts
     D:6: 1676 daAuts
     D:4: 1659 daAuts
    D:10: 1659 daAuts
    D:12: 1631 daAuts
     D:5: 1612 daAuts
     D:2: 1565 daAuts
 Snake:2: 1558 daAuts
     D:1: 1543 daAuts
  Lair:6: 1478 daAuts
   Orc:2: 1393 daAuts
  Lair:3: 1301 daAuts
